Zazza, neutral female gnomish Wizard ----------- -------- ---------------- |.........| |.......# |..............| ........<.| |......|### |..............| ###|.........| ----- |......-# # |..............|##k#@##-.........|#########....| |......|# `#` -----.----------# # --------.--# |...| -----|--# # ############ ###### |...| # # ### # # #....| ######## # # ### ### ###|...| --.------ # ##################### ###### ######+...| |.......| # # ------------.--- ## ### ----- |........# # # |{.............| ---|---# |...(...|# #--.--# |............... |.....|# |.......|# #|...|# |..............| |>....|# ---------`###|...|# |..............| |......# # |...|# ---------------- ------- ##-...|# |>...# ----- Zazza the Evoker Experience level: 1 Strength: 12 Dexterity: 15 Constitution: 10 Intelligence: 17 Wisdom: 11 Charisma: 10 Health: 8(11) Energy: 8(8) Def: 3 Gold: 71 Moves: 1033 Dungeon seed: u0Hybe9UcxCvoCEj Game ID: Zazza_1620596138 Your Inventory: Coins $ - 71 gold pieces Weapons a - a blessed +1 quarterstaff p - a poisoned +0 dart r - a +0 orcish dagger Armor e - an uncursed +0 cloak of magic resistance (being worn) q - an uncursed +0 orcish helm y - an uncursed +0 orcish helm Comestibles o - an uncursed tripe ration u - an uncursed lichen corpse Scrolls i - an uncursed scroll of earth j - an uncursed scroll of remove curse k - an uncursed scroll of food detection Spellbooks l - a blessed spellbook of force bolt m - an uncursed spellbook of haste self Potions f - an uncursed potion of invisibility g - an uncursed potion of levitation h - an uncursed potion of booze s - an uncursed potion of sickness Rings c - an uncursed ring of protection from shape changers d - a blessed +2 ring of protection (on left hand) Wands b - a wand of polymorph (0:4) Gems n - an uncursed obsidian stone Spells and supernatural/magical abilities: Name Level Category Fail Memory a - force bolt 1 attack 0% 95% H - haste self 3 escape 99% 95% W - pray for help -- divine ? -- Your skills at the end: Fighting Skills Weapon Skills quarterstaff [Basic] Spellcasting Skills attack spells [Basic] enchantment spells [Basic] Final Attributes: You were nominally aligned. You were magic-protected. You had infravision. You were protected. You survived. Vanquished creatures: 2 jackals 3 goblins 4 sewer rats 2 grid bugs 3 lichens 2 newts 16 creatures vanquished. Voluntary challenges: You were an atheist. You never hit with a wielded weapon. You were illiterate. You never genocided any monsters. You polymorphed 2 items, starting on turn 1. You never changed form. You used no wishes. You never split a pudding. You never wrote Elbereth's name. You never violated your personal moral code. Dungeon overview: The Dungeons of Doom: levels 1 to 2 Level 1 some fountains a long staircase Level 2 <- You were here a fountain stairs to The Gnomish Mines The Gnomish Mines: Level 3 stairs to The Dungeons of Doom History has recorded: On T:1 you entered the Dungeons of Doom to retrieve the Amulet of Yendor! On T:521 you reached level 2 of The Dungeons of Doom. On T:801 you reached level 1 of The Gnomish Mines. Score breakdown: Gold: 71 ( 6318 points) Experience: 1 level ( 0 points) Exploration: 3 levels ( 6.25%) ( 6188 points) Discoveries: 0 items ( 0.00%) ( 0 points) Valuables value: (no points given unless you survive) Artifact value: 0 ( 0 points) Variety of kills: 6 monsters ( 1.57%) ( 3764 points) Turncount: 1033 turns ( 0 points) Survival: quit (score multiplied by 90%) Total score: 14643 Latest messages: Where do you want to travel to? You stop travelling. You displace Armand. You stop. Armand is in the way! (2x) You displace Armand. You stop. Armand is in the way! You displace Armand. The lichen touches you! Armand bites the lichen. The lichen is killed! You hear some noises. You displace Armand. The grid bug is killed! You displace Armand. You see here a lichen corpse. You stop running. The newt misses. You displace Armand. You hear some noises. You see here a lichen corpse. (2x) u - a lichen corpse. You displace Armand. The kobold hits! You begin bashing monsters with your bare hands. You kill the grid bug! Final status: Goodbye Zazza the Wizard, quit... You quit in The Dungeons of Doom on dungeon level 2 with 14643 points, and 71 pieces of gold, after 1033 moves. You were level 1 with a maximum of 11 hit points when you quit.